 Dungeon Crawl Stone Soup version 0.31-a0-188-g5e087ee2ca (webtiles) character file.

Game seed: 5955191010244928582

45 qw the Shooter (level 3, -1/20 HPs)
             Began as a Deep Elf Hunter on June 23, 2023.
             Slain by a kobold
             ... wielding a +0 whip
              (5 damage)
             ... on level 2 of the Dungeon.
             The game lasted 00:00:18 (558 turns).

qw the Shooter (Deep Elf Hunter)                     Turns: 558, Time: 00:00:18

Health: -1/20      AC:  6    Str: 10    XL:     3   Next: 42%
Magic:  5/5        EV:  9    Int: 13    God:
Gold:   73         SH:  0    Dex: 18    Spells: 2/2 levels left

rFire   . . .        Y - +0 shortbow
rCold   . . .        (shield currently unavailable)
rNeg    . . .        k - +0 scale mail
rPois   .            (no helmet)
rElec   .            (no cloak)
rCorr   .            (no gloves)
SInv    .            (no boots)
Will    .....        l - amulet of the acrobat
Stlth   +            (no ring)
HPRegen 0.23/turn    (no ring)
MPRegen 0.09/turn

%: acrobat
@: no status effects
A: no striking features
a: no special abilities


You were on level 2 of the Dungeon.
You visited 1 branch of the dungeon, and saw 2 of its levels.

You collected 73 gold pieces.


   Skills:
 - Level 1.5 Fighting
 + Level 7.0 Ranged Weapons
 - Level 2.4 Dodging
 - Level 1.2 Stealth


You had 2 spell levels left.
You didn't know any spells.
Your spell library was empty.

Inventory:

Hand Weapons
 Y - a +0 shortbow (weapon)
Armour
 a - a scarf of resistance
 k - a +0 scale mail (worn)
Jewellery
 b - a +6 ring of strength
 l - an amulet of the acrobat (around neck)
Potions
 e - a potion of lignification {unknown}
 g - a potion of attraction {unknown}
 j - a potion of brilliance {unknown}
 m - a potion of curing {unknown}

Dungeon Overview and Level Annotations

Branches:
Dungeon (2/15)

Altars:
Ashenzari


Message History

The endoplasm hits you but does no damage.
The giant cockroach closely misses you. The endoplasm freezes you.
You are frozen.
An endoplasm comes into view.
The kobold barely misses you.
You shoot an arrow. The arrow hits the giant cockroach!
You kill the giant cockroach!
The bat hits you but does no damage. The bat hits you.
The kobold hits you with a +0 whip. The endoplasm barely misses you.
Your Ranged Weapons skill increases to level 7!
You shoot an arrow. The arrow hits the bat.
You kill the bat!
The endoplasm freezes you.
You are frozen.
The kobold hits you with a +0 whip.
The ball python bites you but does no damage.
The ball python grabs you. The ball python constricts you.
The endoplasm freezes you.
You are frozen.
The kobold hits you but does no damage.
555 ||| DRINKING potion of heal wounds.
You feel much better.
The ball python bites you but does no damage.
The ball python constricts you.
The endoplasm hits you but does no damage.
The kobold hits you but does no damage.
You shoot an arrow. The arrow hits the ball python.
You kill the ball python!
The endoplasm freezes you.
You are frozen.
The kobold hits you with a +0 whip.
You shoot an arrow. The arrow barely misses the endoplasm.
The endoplasm freezes you.
You are frozen.
The endoplasm barely misses you. The kobold barely misses you.
You shoot an arrow.
The arrow completely misses the endoplasm.
The endoplasm hits you. The endoplasm freezes you.
You are frozen.
The kobold hits you with a +0 whip. The endoplasm freezes you.
You are frozen.
The endoplasm closely misses you. The kobold hits you with a +0 whip.
You die...

# ## ## .# ..#( ...
#.#.### .$
####.#...#.###
......JKJ....#
#......@# .. ..
+.......#
#.###.......
#.......#
#..##.......
#.......###.........#
######+#............#
#.#........%...#
#..)._.........#
###)...........#
#..............####


You could see 2 endoplasms and a kobold.

Vanquished Creatures
  An adder (D:2)
  A dart slug (D:1)
  4 bats
  3 endoplasms (D:1)
  4 giant cockroaches
  3 goblins
  2 hobgoblins
  2 quokkas
  4 ball pythons
  2 kobolds (D:1)
  4 rats
30 creatures vanquished.

Notes
Turn   | Place    | Note
-------+----------+-------------------------------------------
     0 | D:1      | qw the Deep Elf Hunter began the quest for the Orb.
     0 | D:1      | Reached XP level 1. HP: 12/12 MP: 3/3
     0 | D:1      | 0 ||| qw: Version: 0.3-a-9-g12657ce
     0 | D:1      | 0 ||| qw: Game counter: 4256
     0 | D:1      | 0 ||| qw: Always use a shield: true
     0 | D:1      | 0 ||| qw: God list: Okawaru
     0 | D:1      | 0 ||| qw: Allow faded altars: false
     0 | D:1      | 0 ||| qw: Do Orc after D:15 true
     0 | D:1      | 0 ||| qw: Do second Lair branch before Depths: true
     0 | D:1      | 0 ||| qw: Lair rune preference: random
     0 | D:1      | 0 ||| qw: Plans: Normal
     0 | D:1      | 0 ||| PLANNING D:1-11
    81 | D:1      | Reached skill level 6 in Ranged Weapons
    81 | D:1      | Reached XP level 2. HP: 16/16 MP: 4/4
   427 | D:1      | 427 ||| UPGRADING to +0 scale mail.
   437 | D:1      | 437 ||| DROPPING +0 leather armour.
   438 | D:1      | 438 ||| UPGRADING to amulet of the acrobat.
   443 | D:1      | 443 ||| READING 2 scrolls labelled DATHED JYJUCU.
   444 | D:1      | 444 ||| READING scroll labelled TETOCS NUHIK.
   445 | D:1      | 445 ||| READING scroll labelled LORPHE WAYGG.
   446 | D:1      | 446 ||| DRINKING 2 inky potions.
   447 | D:1      | 447 ||| DROPPING scroll of blinking.
   448 | D:1      | 448 ||| DROPPING scroll of butterflies.
   508 | D:2      | Reached XP level 3. HP: 20/20 MP: 5/5
   524 | D:2      | Found a broken altar of Ashenzari.
   554 | D:2      | Reached skill level 7 in Ranged Weapons
   554 | D:2      | HP: 5/20 [kobold/+0 whip (2)]
   555 | D:2      | 555 ||| DRINKING potion of heal wounds.
   558 | D:2      | Slain by a kobold

Levels and vault maps discovered:
D:1:      kennysheep_arrival_forest, layout_rooms, minmay_misc_feat_rows
D:2:      layout_basic, basic_altar, minmay_hexomino_r4

Skill      XL: |  1  2  3 |
---------------+----------+-----
Ranged Weapons | 6 7 |  7.0
Fighting       | |  1.5
Dodging        | |  2.4
Stealth        | |  1.2

Action                     || total
---------------------------++-------
   Fire: Shortbow          ||    59
    Use: Scroll            ||     3
         Potion            ||     2
 Armour: Leather armour    ||     2
         Scale mail        ||    15
  Dodge: Dodged            ||    15

Table legend:
 A = Non-vault XP
 B = Vault XP
 C = Vault XP percentage of total XP
 D = Non-vault monster count
 E = Vault monster count
 F = Vault count percentage of total count
                 A         B        C        D         E       F
            +---------+---------+-------+---------+---------+-------
      Total |      60 |       5 |   7.7 |      27 |       3 |  10.0
            +---------+---------+-------+---------+---------+-------
        D:1 |      40 |       0 |   0.0 |      21 |       0 |   0.0
        D:2 |      20 |       5 |  20.0 |       6 |       3 |  33.3
            +---------+---------+-------+---------+---------+-------
